AoeStats
← Dios

Pilgrims

508128379Analyzed
2v2 RM · 12d ago on Sep 21, 2026· 80m 14s· 4 players
Game mode
Random Map
Map size
Medium (4 player)
Population
200
Speed
Normal
Resources
Standard
Victory
Conquest
Starting age
Dark Age
Ending age
Imperial Age
RankedLock teamsTeams togetherTeam positionsShared explorationLock speedFull tech treeHidden civsTurbo modeCheats
Victory
Defeat
🇦🇷 Dravidians · Argentina
979
+15
🇦🇷 Vikings · Argentina
976
+16
🇨🇴 Vikings · Colombia
968
-16
🇨🇴 Magyars · Colombia
965
-15
Squirrel Slayer
12:33 Feudal Age
13:01 Man-at-Arms
13:31 Double-Bit Axe
22:21 Castle Age
31:01 Corvinian Army
46:03 Bow Saw
49:05 Imperial Age
54:49 Two-Man Saw
56:47 Elite Skirmisher
62:26 Fletching
62:37 Padded Archer Armor
63:35 Thumb Ring
77:30 Chemistry
76:51 Ballistics
Don Rafa
9:01 Loom
16:37 Feudal Age
18:50 Fletching
21:07 Castle Age
19:23 Fishing Lines
20:38 Double-Bit Axe
22:09 Town Watch
22:23 Man-at-Arms
22:48 Gambesons
23:05 Squires
23:07 Scale Mail Armor
23:18 Forging
23:03 Bodkin Arrow
24:44 Medium Warships
24:11 Long Swordsman
24:37 Arson
25:09 Gillnets
25:49 Gold Mining
28:06 Gold Shaft Mining
31:00 Chain Mail Armor
31:21 Iron Casting
37:25 Imperial Age
37:15 Chieftains
36:56 Crossbowman
40:25 Two-Handed Swordsman
41:15 Arbalester
43:13 Bracer
43:44 Plate Mail Armor
44:37 Padded Archer Armor
45:08 Plate Mail Armor
45:39 Blast Furnace
45:03 Ballistics
44:54 Masonry
46:05 Block Printing
47:15 Onager
49:06 Pikeman
53:29 Elite Skirmisher
57:09 Conscription
61:16 Fervor
76:52 Architecture
77:19 Bow Saw
76:52 Horse Collar
Dios
5:08 Loom
10:55 Feudal Age
21:06 Fishing Lines
26:32 Castle Age
26:20 Double-Bit Axe
31:27 Forging
38:57 Bow Saw
49:43 Scale Barding Armor
50:52 Iron Casting
52:18 Chain Barding Armor
57:32 Gold Mining
60:10 Pikeman
62:02 Scale Mail Armor
63:15 Squires
75:10 Light Cavalry
Bito
6:32 Loom
7:58 Loom
11:16 Feudal Age
13:33 Double-Bit Axe
14:34 Gold Mining
14:34 Fishing Lines
19:01 Castle Age
20:17 Fletching
21:24 Bodkin Arrow
21:29 Padded Archer Armor
23:52 Leather Archer Armor
24:40 Ballistics
25:20 Bow Saw
29:59 Gillnets
31:30 Medium Warships
33:57 Thumb Ring
34:35 Husbandry
40:21 Imperial Age
42:16 Conscription
42:07 Bracer
43:30 Ring Archer Armor
45:56 Chemistry
44:47 Elite Elephant Archer
46:11 Medical Corps
51:29 Siege Elephant
53:49 Scale Barding Armor
54:04 Masonry
69:59 Conscription
73:26 Light Cavalry
74:56 Wootz Steel
Connection lost

Rejoining the realm…

Still unreachable

The connection could not be restored.

Session expired

The server has moved on; the page needs a fresh start.